 Seeded DCSS version 0.30.1-11-g7821555f0a (webtiles) character file.

Game seed: 3677821746841223284 (custom seed)

9 Psyclone the Conjurer (level 2, 13/13 HPs)
             Began as a Deep Elf Conjurer on Nov 7, 2023.
             Was an Initiate of Gozag.
             Quit the game on level 1 of the Dungeon.
             The game lasted 00:00:50 (221 turns).

Psyclone the Conjurer (Deep Elf Conjurer)            Turns: 221, Time: 00:00:51

Health: 13/13      AC:  2    Str:  1    XL:     2   Next: 6%
Magic:  8/8        EV: 13    Int: 21    God:    Gozag
Gold:   332        SH:  0    Dex: 17    Spells: 6/7 levels left

rFire   . . .        (no weapon)
rCold   . . .        (no shield)
rNeg    . . .        a - +0 robe
rPois   .            (no helmet)
rElec   .            (no cloak)
rCorr   .            (no gloves)
SInv    .            (no boots)
Will    .....        (no amulet)
Stlth   ++           (no ring)
HPRegen 0.22/turn    (no ring)
MPRegen 0.11/turn

%: no passive effects
@: no status effects
A: agile 1, frail 1, weak 1
a: Renounce Religion, Potion Petition, Call Merchant, Bribe Branch


You were on level 1 of the Dungeon.
You worshipped Gozag.
Gozag was aware of your devotion.
You visited 1 branch of the dungeon, and saw 1 of its levels.

You collected 1288 gold pieces.
You spent 225 gold pieces at shops.
You paid 731 gold pieces to Gozag.

Inventory:

Armour
 a - a +0 robe (worn)
Potions
 b - a potion of magic


   Skills:
 - Level 2.4 Dodging
 - Level 2.4 Stealth
 + Level 3.3 Spellcasting
 * Level 4.8 Conjurations


You had 6 spell levels left.
You knew the following spells:

 Your Spells              Type           Power      Damage    Failure   Level
a - Magic Dart            Conj           92%        1d7       1%          1

Your spell library contained the following spells:

 Spells                   Type           Power      Damage    Failure   Level
 Searing Ray              Conj           46%        2d6       2%          2
 Dazzling Flash           Conj/Hex       26%        N/A       14%         3
 Fulminant Prism          Conj/Hex       6%         3d6       43%         4
 Iskenderun's Mystic Bla  Conj/Tloc      13%        2d5       43%         4


Dungeon Overview and Level Annotations

Branches:
Dungeon (1/15) Zot: 5779

Altars:
Gozag

Shops:
D:1 *


Innate Abilities, Weirdness & Mutations

You are agile. (Dex +4, Str/Int -1)
You are frail. (-10% HP)
You are weak. (Str -2)


Message History

There is a faded altar of an unknown god here.
Casting: Magic Dart (safe; 1% risk of failure)
Confirm with . or Enter, or press ? or * to list all spells.
Aiming: Magic Dart (safe; 1% risk of failure)
Press: ? - help, Shift-Dir - straight line, f - frilled lizard
Aim: a frilled lizard (100% to hit)
The magic dart hits the frilled lizard.
You kill the frilled lizard!
You now have 2/8 mp.
This altar belongs to (a) Elyvilon, (b) Ignis or (c) Gozag, but you can't tell which.
Press the corresponding letter to learn more about a god, or press enter to convert or escape to cancel.
Okay, then.
This altar belongs to (a) Elyvilon, (b) Ignis or (c) Gozag, but you can't tell which.
Press the corresponding letter to learn more about a god, or press enter to convert or escape to cancel.
Gozag accepts your prayer! Gozag welcomes you!
Gozag waives the service fee.
You have enough gold to petition Gozag for potion effects.
You have enough gold to fund merchants seeking to open stores in the dungeon.
You regained 3 mp, and now have 6/8 mp.
MP restored: 8 [a] 527 gold - Roipura's Magic Scroll Emporium [b] 731 gold - Ihioxiu's Assorted Antiques [c] 689 gold - Zucizaisi's Distillery Fund which merchant?
You no longer have enough gold to fund merchants seeking to open stores in the dungeon.
Ihioxiu invites you to visit his Assorted Antiques.
c - a scroll labelled CIPPOM QOGI You no longer have enough gold to petition Gozag for potion effects.
d - a potion of mutation Thank you for shopping at Ihioxiu's Assorted Antiques!
Really quaff the potion of mutation?
You feel extremely strange.
You feel more encumbered by your armour.
Your iridescent scales disappear.
You feel your surroundings grow louder.
You feel frail.
You feel weaker.
You feel agile.
You take 2 damage, and have 13/13 hp.
As you read the scroll labelled CIPPOM QOGI, it crumbles to dust.
You assume a fearsome visage.
Nothing appears to happen.
It was a scroll of fear.
Unknown command.
Unknown command.
Are you sure you want to abandon this character and quit the game? (Confirm with "yes".)

........##
.#####.#....#
.......#.##.#
#......#.##.#
#......#.##.#
.......#.##.#
.......#.##.#
.........##.#
......._@...#
#........####
#........#
#........#
####...#.#
#.#...#
#.##.># #.
###


There were no monsters in sight!

Vanquished Creatures
  A dart slug (D:1)
  A goblin (D:1)
  3 jackals (D:1)
  A ball python (D:1)
  A frilled lizard (D:1)
7 creatures vanquished.

Notes
Turn   | Place    | Note
-------+----------+-------------------------------------------
     0 | D:1      | Psyclone the Deep Elf Conjurer began the quest for the Orb.
     0 | D:1      | Reached XP level 1. HP: 10/10 MP: 6/6
    21 | D:1      | Gained mutation: Your movements are slightly less
                  | encumbered by armour. (ER -2) [potion of mutation]
    21 | D:1      | Gained mutation: You passively dampen the noise of your
                  | surroundings. [potion of mutation]
    21 | D:1      | Gained mutation: You are partially covered in iridescent
                  | scales. (AC +2) [potion of mutation]
   130 | D:1      | Found a faded altar of an unknown god.
   139 | D:1      | Reached XP level 2. HP: 15/15 MP: 0/8
   162 | D:1      | Identified a scroll of acquirement
   162 | D:1      | Acquired 1271 gold pieces
   175 | D:1      | Prayed at the altar of an unknown god.
   175 | D:1      | Became a worshipper of Gozag Ym Sagoz the Greedy
   219 | D:1      | Bought a scroll labelled CIPPOM QOGI for 25 gold pieces
   219 | D:1      | Bought a potion of mutation for 200 gold pieces
   219 | D:1      | Lost mutation: Your movements are slightly less encumbered
                  | by armour. (ER -2) [potion of mutation]
   219 | D:1      | Lost mutation: You are partially covered in iridescent
                  | scales. (AC +2) [potion of mutation]
   219 | D:1      | Lost mutation: You passively dampen the noise of your
                  | surroundings. [potion of mutation]
   219 | D:1      | Gained mutation: You are frail. (-10% HP) [potion of
                  | mutation]
   219 | D:1      | Gained mutation: You are weak. (Str -2) [potion of
                  | mutation]
   219 | D:1      | Gained mutation: You are agile. (Dex +4, Str/Int -1)
                  | [potion of mutation]
   221 | D:1      | Quit the game

Illustrated notes

Levels and vault maps discovered:
D:1:      scummos_arrival_forest, layout_basic, basic_ecumenical_altar

Action                     || total
---------------------------++-------
   Cast: Magic Dart        ||    11
 Invoke: Call Merchant     ||     1
    Use: Potion            ||     2
         Scroll            ||     2
